 Dungeon Crawl Stone Soup version 0.31-a0-590-g8a5a4361df (webtiles) character file.

Game seed: 8357909240798822162

1951182 motkurizz the Conqueror (level 27, 199/199 HPs)
             Began as a Gargoyle Gladiator on Aug 19, 2023.
             Was the Champion of Ru.
             Escaped with the Orb
             ... and 3 runes!
             The game lasted 02:46:49 (52314 turns).

motkurizz the Conqueror (Gargoyle Gladiator)       Turns: 52314, Time: 02:46:49

Health: 199/199    AC: 64    Str: 36    XL:     27
Magic:  20/20      EV: 13    Int:  8    God:    Ru [******]
Gold:   6113       SH: 30    Dex: 13    Spells: 26/26 levels left

rFire   + . .        a - +9 demon whip (heavy)
rCold   + + .        W - +8 tower shield {reflect}
rNeg    + . .        w - +7 gold dragon scales
rPois   ∞            (helmet restricted)
rElec   +            Y - +0 cloak of the Dice {Regen+ rCorr Dex+2}
rCorr   +            i - +1 pair of gloves {Str+3}
SInv    +            n - +1 pair of boots
Will    +++..        r - amulet of regeneration Stlth
                     e - +5 ring of evasion
HPRegen 2.13/turn    o - ring of Nemelex Xobeh's Wrath {rC+ Str+6 SInv Stlth+}
MPRegen 0.17/turn

%: reflection
@: flying
A: sickness immunity, AC +20, big wings, dopey 1, low MP 1, negative energy
resistance 1, screaming 2, electricity resistance, torment resistance 1, weak 2,
petrification resistance, inability to drink after injury 2, no stealth,
inability to train dodging, no air magic, no hexes magic, no summoning magic,
disrupted magic 1, no forms, horns 1, talons 1, strong-willed 1, shaggy fur 1,
subdued magic 1
0: Orb of Zot
}: 3/15 runes: barnacled, silver, gossamer
a: Renounce Religion, Draw Out Power, Power Leap, Apocalypse


You escaped.
You worshipped Ru.
Ru was exalted by your worship.
You visited 10 branches of the dungeon, and saw 48 of its levels.
You visited the Abyss 1 time.
You also visited: Bailey, Gauntlet and Wizlab.

You collected 8044 gold pieces.
You spent 1931 gold pieces at shops.

Inventory:

Hand Weapons
 a - a +9 heavy demon whip (weapon)
 b - a +9 broad axe of draining
 s - a +2 sacred scourge of holy wrath
Missiles
 d - 4 throwing nets (quivered)
 F - 17 curare-tipped darts
Armour
 c - the +1 helmet of the Stone Wall {-Cast +Blink +Inv rElec}
   (You found it on level 2 of the Elven Halls)

   rElec:     It insulates you from electricity.
   +Inv:      It lets you turn invisible.
   +Blink:    It lets you blink.
   -Cast:     It prevents spellcasting.
 i - a +1 pair of gloves of strength (worn)
 n - a +1 pair of boots (worn)
 w - +7 gold dragon scales (worn)
 J - a +0 helmet of see invisible
 W - a +8 tower shield of reflection (worn)
 Y - the +0 cloak of the Dice (worn) {Regen+ rCorr Dex+2}
   (You bought it in a shop on level 2 of the Orcish Mines)

   Dex+2:     It affects your dexterity (+2).
   Regen+:    It increases your rate of health regeneration.
   rCorr:     It protects you from acid and corrosion.
Jewellery
 e - a +5 ring of evasion (left hand)
 o - the ring of Nemelex Xobeh's Wrath (right hand) {rC+ Str+6 SInv Stlth+}
   (You acquired it on level 1 of the Realm of Zot)

   [ring of strength]

   Str+6:     It affects your strength (+6).
   rC+:       It protects you from cold.
   SInv:      It lets you see invisible.
   Stlth+:    It makes you more stealthy.
 r - an amulet of regeneration (around neck)
 C - a ring of positive energy
 P - the ring of Wietzu {Wiz rC++ Int+3 Dex+2}
   (You found it on level 4 of the Shoals)

   [ring of wizardry]

   Wiz:       It improves your spell success rate.
   Int+3:     It affects your intelligence (+3).
   Dex+2:     It affects your dexterity (+2).
   rC++:      It greatly protects you from cold.
Wands
 m - a wand of quicksilver (23)
 v - a wand of polymorph (4)
 I - a wand of roots (51)
 Q - a wand of digging (28)
 R - a wand of mindburst (14)
Scrolls
 f - 4 scrolls of silence
 q - 7 scrolls of summoning
 y - 7 scrolls of revelation
 G - 6 scrolls of poison
 K - 8 scrolls of immolation
 N - 21 scrolls of teleportation
 O - 8 scrolls of blinking
 U - 9 scrolls of fear
 V - 2 scrolls of fog
Potions
 g - 7 potions of mutation
 h - 3 potions of attraction
 j - 22 potions of curing
 l - 2 potions of berserk rage
 p - 4 potions of magic
 t - 3 potions of resistance
 u - 4 potions of might
 x - a potion of haste
 z - 4 potions of invisibility
 D - 3 potions of enlightenment
 L - 9 potions of ambrosia
 S - 9 potions of heal wounds
 T - 2 potions of cancellation
Miscellaneous
 k - a sack of spiders
 A - a phantom mirror
 E - a lightning rod (4/4)
 M - a phial of floods


   Skills:
 O Level 27 Fighting
 - Level 17.2(20.5) Axes
 + Level 20.1(22.9) Maces & Flails
 - Level 1.7 Throwing
 O Level 27 Armour
 - Level 22.0 Shields


You had 26 spell levels left.
You didn't know any spells.
Your spell library contained the following spells:

 Spells                   Type           Power      Damage    Failure   Level
 Apportation              Tloc           0%         N/A       94%         1
 Foxfire                  Conj/Fire      0%         2x1d4     94%         1
 Freeze                   Ice            0%         1d3       94%         1
 Kiss of Death            Conj/Necr      0%         2d5       94%         1
 Magic Dart               Conj           0%         1d3       94%         1
 Necrotise                Necr           0%         1d4       94%         1
 Sting                    Tmut/Pois      0%         1d3       94%         1
 Lesser Beckoning         Tloc           0%         N/A       98%         2
 Passwall                 Tmut/Erth      0%         N/A       98%         2
 Scorch                   Fire           0%         2d5       98%         2
 Searing Ray              Conj           0%         2d4       98%         2
 Wereblood                Tmut           0%         N/A       98%         2
 Frozen Ramparts          Ice            0%         1d1       100%        3
 Gell's Gravitas          Tloc           0%         N/A       100%        3
 Hailstorm                Conj/Ice       0%         3d3       100%        3
 Ignite Poison            Fire/Tmut/Pois 0%         N/A       100%        3
 Teleport Other           Tloc           0%         N/A       100%        3
 Animate Dead             Necr           0%         N/A       100%        4
 Dispel Undead            Necr           0%         3d6       100%        4
 Flame Wave               Conj/Fire      0%         2d4       100%        4
 Olgreb's Toxic Radiance  Pois           0%         N/A       100%        4
 Passage of Golubria      Tloc           0%         N/A       100%        4
 Petrify                  Tmut/Erth      0%         N/A       100%        4
 Sticky Flame             Conj/Fire      0%         2d3       100%        4
 Agony                    Necr           0%         N/A       100%        5
 Alistair's Intoxication  Tmut/Pois      0%         N/A       100%        5
 Borgnjor's Vile Clutch   Necr/Erth      0%         N/A       100%        5
 Fireball                 Conj/Fire      0%         3d3       100%        5
 Irradiate                Conj/Tmut      0%         3d11      100%        5
 Iskenderun's Battlesphe  Conj           0%         2d6       100%        5
 Lee's Rapid Deconstruct  Erth           0%         3d4*      100%        5
 Death Channel            Necr           0%         N/A       100%        6
 Eringya's Noxious Bog    Tmut/Pois      0%         4d6       100%        6
 Leda's Unmaking          Conj/Erth      0%         9d1       100%        6
 Simulacrum               Ice/Necr       0%         N/A       100%        6
 Starburst                Conj/Fire      0%         6d3       100%        6
 Orb of Destruction       Conj           0%         9d5       100%        7
 Borgnjor's Revivificati  Necr           0%         N/A       100%        8
 Disjunction              Tloc           0%         N/A       100%        8
 Infestation              Necr           0%         N/A       100%        8
 Lehudib's Crystal Spear  Conj/Erth      0%         10d2      100%        8
 Death's Door             Necr           0%         N/A       100%        9
 Fire Storm               Conj/Fire      0%         5d1       100%        9
 Summon Small Mammal      Summ           Unusable   N/A       N/A         1
 Cigotuvi's Dreadful Rot  Necr/Pois/Air  Unusable   N/A       N/A         2
 Ensorcelled Hibernation  Hex/Ice        Unusable   N/A       N/A         2
 Poisonous Vapours        Pois/Air       Unusable   N/A       N/A         2
 Sublimation of Blood     Necr           Unusable   N/A       N/A         2
 Call Canine Familiar     Summ           Unusable   N/A       N/A         3
 Confusing Touch          Hex            Unusable   N/A       N/A         3
 Dazzling Flash           Conj/Hex       Unusable   N/A       N/A         3
 Portal Projectile        Hex/Tloc       Unusable   N/A       N/A         3
 Swiftness                Air            Unusable   N/A       N/A         3
 Tukima's Dance           Hex            Unusable   N/A       N/A         3
 Vhi's Electric Charge    Tloc/Air       Unusable   N/A       N/A         3
 Airstrike                Air            Unusable   2d(0-16)  N/A         4
 Anguish                  Hex/Necr       Unusable   N/A       N/A         4
 Fulminant Prism          Conj/Hex       Unusable   3d5       N/A         4
 Leda's Liquefaction      Hex/Erth       Unusable   N/A       N/A         4
 Summon Ice Beast         Ice/Summ       Unusable   N/A       N/A         4
 Arcjolt                  Conj/Air       Unusable   1d10      N/A         5
 Freezing Cloud           Conj/Ice/Air   Unusable   6-21      N/A         5
 Silence                  Hex/Air        Unusable   N/A       N/A         5
 Summon Forest            Summ/Tloc      Unusable   N/A       N/A         5
 Yara's Violent Unravell  Hex/Tmut       Unusable   3d3       N/A         5
 Conjure Ball Lightning   Conj/Air       Unusable   3x3d6     N/A         6
 Plasma Beam              Fire/Air       Unusable   2x1d10    N/A         6
 Summon Cactus Giant      Summ           Unusable   N/A       N/A         6
 Haunt                    Necr/Summ      Unusable   N/A       N/A         7
 Spellforged Servitor     Conj/Summ      Unusable   N/A       N/A         7
 Summon Hydra             Summ           Unusable   N/A       N/A         7
 Discord                  Hex            Unusable   N/A       N/A         8

Dungeon Overview and Level Annotations

Branches:
Dungeon (15/15)            Temple (1/1) D:6            Lair (5/5) D:8
 Shoals (4/4) Lair:3       Spider (4/4) Lair:3        Slime (0/5) Lair:4
    Orc (2/2) D:11            Elf (3/3) Orc:2        Vaults (5/5) D:14
  Crypt (0/3) Vaults:3     Depths (4/4) D:15            Zot (5/5) Depths:4
 Bailey (visited)          WizLab (visited)         Gauntlet (visited)

Altars:
Ashenzari
Cheibriados
Dithmenos
Elyvilon
Fedhas
Gozag
Hepliaklqana
Kikubaaqudgha
Makhleb
Nemelex Xobeh
Okawaru
Qazlal
Ru
Sif Muna
Trog
Uskayaw
Vehumet
Wu Jian
Xom
Yredelemnul
Zin
The Shining One
Jiyva

Shops:
D:1 (   D:11 :   D:15 *   Orc:2 ?(([[   Elf:2 ?   Elf:3 *   Vaults:1 *
Vaults:2 !   Vaults:3 *   Depths:1 *   Depths:4 =

Portals:
Hell: Depths:1 Depths:2 Depths:3 Depths:4
Abyss: Depths:3
Pandemonium: Depths:1 Depths:2
Ziggurat: Depths:4
Trove: Depths:3 (give horn of Geryon)

Annotations:
D:4 exclusion: downstairs
D:5 3 runed translucent doors, exclusion: downstairs, Cris's ghost, novice DsHW; DEFE's ghost, novice DESh; Stil's ghost, novice DsSh; Vruhak's ghost, weakling FoDe; eelars's ghost, amateur DESu
Lair:3 exclusion: downstairs
Lair:5 exclusion: obsidian statue
Elf:3 exclusion: fire elemental


Innate Abilities, Weirdness & Mutations

You are immune to sickness and miasma.
Your stone body is resilient. (AC +20)
You are immune to poison.
Your large and strong wings let you fly.
You are dopey. (Int -2)
Your magical capacity is low. (-10% MP)
You resist negative energy. (rN+)
You frequently scream uncontrollably at your foes.
You are resistant to electric shocks. (rElec)
You are resistant to unholy torment.
You are very weak. (Str -4)
You are immune to petrification.
You sometimes lose the ability to drink potions when taking damage.
You cannot be stealthy.
You cannot train Dodging skill.
You cannot study or cast Air magic.
You cannot study or cast Hexes magic.
You cannot study or cast Summoning magic.
Your casting is slightly disrupted.
You cannot voluntarily change form.
You have a pair of small horns on your head.
You have sharp toenails.
You are strong-willed. (Will+)
You are covered in fur. (AC +1)
Your spells are a little easier to cast, but a little less powerful.


Message History

You fly upwards.
There is a stone staircase leading down here.
What level of the Dungeon? (default 1, ? - help)
A lorocyproca comes into view.
You block the lorocyproca's attack.
You miss the lorocyproca. You thrash the lorocyproca!!
You headbutt the lorocyproca.
The lorocyproca is heavily wounded.
You block the lorocyproca's attack.
You thrash the lorocyproca!!
The lorocyproca is severely wounded.
You block the lorocyproca's attack.
You thrash the lorocyproca!!
You kill the lorocyproca!
No target in view!
What level of the Dungeon? (default 1, ? - help)
There is a stone staircase leading up here.
You fly upwards.
There is a stone staircase leading down here.
There is a stone staircase leading up here.
You fly upwards.
Level annotation: 3 runed translucent doors, exclusion: downstairs, Cris's ghost, novice DsHW; DEFE's ghost, novice DESh; Stil's ghost, novice DsSh; Vruhak's ghost, weakling FoDe; eelars's ghost, amateur DESu
There is a stone staircase leading down here.
There is a stone staircase leading up here.
You fly upwards.
Level annotation: exclusion: downstairs
There is a stone staircase leading down here.
There is a stone staircase leading up here.
You fly upwards.
There is a stone staircase leading down here.
There is a stone staircase leading up here.
You fly upwards.
There is a stone staircase leading down here.
There is a stone staircase leading up here.
You fly upwards.
There is a stone staircase leading down here.
You reach down and open the door.
There is an open door here.
There is a staircase leading out of the dungeon here.
You have escaped!

#..# ###### ###..... #..#
#..... #>## #..... #.#
#..... #.##♣♣♣♣♣ ##.....
#....♣..♣♣♣ ♣♣♣♣♣♣##..#...
#.....♣...♣♣♣♣♣..♣.♣#..#####
##.#♣..♣.♣....♣♣......##
#.#♣♣♣.♣..@....♣♣.♣### # #.#
♣♣♣♣....♣♣♣♣♣.# # #.#
♣.♣♣.♣♣ ♣♣# # #.# ♣♣♣♣♣♣ #
#.# # #.# ##### # #.# #####
#...# # #.# #.[.#
####.#)#### #.# #.#.#######
#....#.##.)


There were no monsters in sight!

Vanquished Creatures
  A seraph (Depths:4)
  3 dread liches
  2 ancient liches (Zot:5)
  3 orbs of fire
  A juggernaut (Depths:2)
  Sojobo (Vaults:5)
  Saint Roka (D:14)
  Margery (Vaults:5)
  Parghit (Zot:4)
  5 Killer Klowns (Zot:5)
  Bai Suzhen (Shoals:4)
  Xtahua (Depths:3)
  9 golden dragons
  4 curse toes
  4 caustic shrikes
  Nikola (Vaults:1)
  Arachne (Spider:3)
  A bone dragon (Abyss:2)
  6 electric golems
  A hellephant (Depths:3)
  An iron giant (Zot:5)
  A walking crystal tome (Depths:3)
  25 Orb Guardians (Zot:5)
  9 tentacled monstrosities
  2 liches
  2 deep elf master archers (Elf:3)
  11 quicksilver dragons
  3 deep elf blademasters
  3 titans (Vaults:5)
  The ghost of Xarreyl the Stormcaller, an adept TeCA of Ignis (Elf:2)
  5 sphinxes
  Polyphemus (Shoals:4)
  An Executioner (Zot:1)
  3 ancient champions (WizLab)
  A tentacled starspawn (Abyss:3)
  3 death cobs
  4 shadow dragons
  5 tengu reavers
  The ghost of Ruadaysu the Metamorph, an adept NaSh of Uskayaw (Shoals:3)
  Kirke (Lair:5)
  10 storm dragons
  A revenant (WizLab)
  2 draconian monks (Zot:2)
  2 draconian knights
  7 frost giants
  4 fire giants
  8 draconian scorchers
  An iron dragon (Vaults:5)
  5 deep elf sorcerers
  2 caustic shrike zombies (WizLab)
  15 vault wardens
  7 emperor scorpions
  A balrug (Depths:4)
  A curse skull (Vaults:3)
  An orc warlord (Orc:1)
  2 cacodemons
  7 draconian annihilators
  8 ghost moths
  17 ironbound preservers
  2 spriggan defenders (Depths:3)
  6 deep elf elementalists (Elf:3)
  2 draconian stormcallers
  10 draconian shifters
  18 very ugly things
  A broodmother (shapeshifter) (Vaults:5)
  A broodmother (Spider:2)
  2 formless jellyfish
  2 angels (Depths:4)
  A reaper (Depths:2)
  4 ironbound thunderhulks
  13 stone giants
  9 deep elf annihilators
  9 green draconians
  A lorocyproca (D:7)
  5 white draconians
  12 dire elephants
  10 purple draconians
  3 minotaurs (Shoals:4)
  4 deep elf demonologists
  4 halazid warlocks (WizLab)
  6 spark wasps
  8 red draconians
  17 black draconians
  Azrael (Orc:2)
  4 yellow draconians
  2 eidola (WizLab)
  3 green deaths
  9 ettins
  8 deep elf death magi
  4 merfolk javelineers
  The ghost of Cinolulu the Thaumaturge, a journeyman DEIE of Sif Muna (Orc:1)
  A blizzard demon (Depths:4)
  A quicksilver dragon zombie (Depths:2)
  An entropy weaver (Spider:2)
  A spectral quicksilver dragon (WizLab)
  7 great orbs of eyes
  6 fire dragons
  4 jiangshi
  7 deep elf high priests
  4 merfolk impalers
  11 yaktaur captains
  A rakshasa (Depths:2)
  A hell beast (Depths:4)
  7 hydras
  5 salamander tyrants (Depths:3)
  8 radroaches
  39 vault guards
  2 alligators (Shoals:1)
  A spriggan air mage (Depths:3)
  10 ice dragons
  7 ironbound frosthearts
  3 jorogumos
  A death knight (D:14)
  3 alligator snapping turtles
  4 catoblepae
  2 ogre magi (Orc:2)
  7 boulder beetles
  A merfolk aquamancer (Shoals:4)
  25 dancing weapons
  11 two-headed ogres
  13 centaur warriors
  2 deep troll shamans
  13 satyrs
  A merfolk avatar (Shoals:3)
  4 vampire magi
  17 death yaks
  A thrashing horror (Abyss:3)
  4 tengu warriors
  An orc high priest (Orc:1)
  10 deep troll earth magi
  2 demonic crawlers (Spider:1)
  A titan zombie (WizLab)
  2 shock serpents (Zot:2)
  2 soul eaters
  3 hell knights (Vaults:5)
  7 skysharks
  3 sun demons
  Nergalle (D:12)
  Amaemon (Lair:1)
  3 wretched stars (Abyss:3)
  18 deep elf knights
  5 skeletal warriors (WizLab)
  5 sixfirhies
  10 iron trolls
  7 pharaoh ants
  2 spectral spark wasps (WizLab)
  4 shadow wraiths
  2 cherubim
  68 deep trolls
  Lodul (D:13)
  12 sea snakes
  A spectral anaconda (Lair:5)
  2 spark wasp zombies (WizLab)
  A goliath frog (Shoals:1)
  11 wizards
  10 deep elf archers
  10 orb spiders
  2 flayed ghosts
  Pikel (D:6)
  4 lindwurms
  9 orc knights
  17 ironbound convokers
  2 spectral wolf spiders (WizLab)
  6 phantasmal warriors
  A wolf spider zombie (WizLab)
  25 deep elf pyromancers
  6 harpies
  13 wolf spiders
  5 orc sorcerers
  4 steelbarb worms
  12 necromancers
  27 deep elf zephyrmancers
  A frost giant zombie (Vaults:3)
  8 cyclopes
  44 ugly things
  10 manticores
  9 fauns
  2 worldbinders
  A spectral spriggan (WizLab)
  A human skeleton (Vaults:3)
  2 black mambas
  9 merfolk sirens
  10 elephants
  29 moths of wrath
  A black mamba (shapeshifter) (D:13)
  A rust devil (Depths:2)
  A molten gargoyle (Depths:2)
  An eye of devastation (Depths:4)
  20 vault sentinels
  2 water nymphs
  A naga mage (D:15)
  3 torpor snails
  2 dire elephant zombies (Lair:5)
  A gargoyle (D:12)
  12 cane toads
  A dire elephant skeleton (Lair:5)
  3 unseen horrors
  2 orange demons
  A yaktaur (shapeshifter) (D:14)
  2 kobold demonologists (Bailey)
  An efreet (D:14)
  4 centaur skeletons (D:15)
  21 yaktaurs
  5 ancient zymes (Abyss:3)
  4 rime drakes
  A human zombie (Vaults:3)
  2 komodo dragons
  2 tengu conjurers
  2 harpy zombies (WizLab)
  A red devil (Depths:2)
  2 spectral harpies (WizLab)
  17 merfolk
  18 trolls
  5 polar bears
  5 wind drakes
  22 tarantellas
  2 hornets (Depths:3)
  5 blink frogs (Lair:1)
  A spectral elephant (Lair:5)
  3 raiju (Zot:2)
  12 snapping turtles
  40 jumping spiders
  10 dream sheep
  10 flying skulls (WizLab)
  31 slime creatures
  6 wyverns
  11 culicivoras
  2 spriggans (Depths:3)
  5 air elementals
  A snapping turtle (shapeshifter) (Depths:4)
  A spriggan skeleton (Depths:2)
  29 yaks
  5 shadows
  Sigmund (D:4)
  2 ynoxinuls (Abyss:3)
  18 water elementals
  5 large abominations
  A death yak simulacrum (Lair:5)
  4 wraiths
  4 basilisks
  14 fire elementals
  3 fire bats (Depths:2)
  2 chaos spawn
  A redback (shapeshifter) (Vaults:3)
  2 vampire mosquitoes (D:12)
  A hog (Lair:5)
  2 steam dragons
  A spectral cane toad (Lair:5)
  50 redbacks
  6 wargs
  2 acid dragons
  3 hell hounds (Orc:2)
  9 water moccasins
  2 floating eyes (Depths:4)
  A sky beast (D:7)
  54 orc warriors
  3 black bears
  2 elephant zombies (Lair:5)
  A spriggan simulacrum (Depths:2)
  5 ice beasts
  31 ogres
  13 boggarts
  A boggart (shapeshifter) (Vaults:5)
  11 centaurs
  16 wolves
  2 elephant skeletons (Lair:5)
  4 small abominations
  8 bullfrogs
  8 scorpions
  A cane toad simulacrum (Lair:5)
  8 earth elementals
  19 wights
  2 elephant simulacra (Lair:5)
  9 killer bees
  6 electric eels
  8 howler monkeys
  5 jellies (Lair:4)
  3 gnoll boudas
  18 orc priests
  5 hounds
  4 iguanas
  Jessica (D:3)
  24 orc wizards
  6 hell rats (Lair:3)
  A boggart zombie (D:15)
  5 lightning spires (Zot:2)
  19 gnolls
  7 adders
  3 white imps
  2 ufetubi
  5 worms
  4 dart slugs
  75 orcs
  4 ball pythons
  6 bats
  9 endoplasms
  3 giant cockroaches
  15 goblins
  9 hobgoblins
  11 jackals
  3 quokkas (D:1)
  9 frilled lizards
  A goblin (shapeshifter) (Vaults:5)
  6 kobolds
  9 rats
  A spectral weapon (Depths:3)
  A starspawn tentacle (Abyss:3)
2075 creatures vanquished.

Vanquished Creatures (collateral kills)
  A minotaur (Gauntlet)
  A dancing weapon (Elf:2)
2 creatures vanquished.

Vanquished Creatures (others)
  A tentacled monstrosity (Zot:3)
  An Orb Guardian (Zot:2)
  A lich (Vaults:5)
  2 shadow dragons
  A draconian monk (Zot:5)
  2 storm dragons
  A vault warden (Vaults:5)
  A ghost moth (Spider:4)
  An orc warlord (Vaults:4)
  2 draconian annihilators
  A caustic shrike skeleton (Depths:2)
  A stone giant (Depths:2)
  2 red draconians
  A purple draconian (Zot:2)
  A deep elf death mage (Elf:2)
  An ettin (Vaults:5)
  A yaktaur captain (Vaults:3)
  A hydra (D:15)
  A boulder beetle (Spider:1)
  A deep troll shaman (Depths:1)
  2 alligators (Shoals:1)
  A tengu warrior (D:13)
  2 dancing weapons
  A hell hog (Depths:2)
  A demonic crawler (Spider:2)
  A deep elf knight (Elf:2)
  A spectral death yak (Lair:5)
  2 sea snakes
  A glowing orange brain (Vaults:1)
  An iron troll (Depths:1)
  3 deep elf archers (Elf:2)
  7 deep trolls
  An ironbound convoker (Vaults:5)
  A steelbarb worm (Spider:3)
  A phantasmal warrior (WizLab)
  4 deep elf pyromancers
  5 deep elf zephyrmancers
  A manticore (Shoals:2)
  2 harpies (Shoals:4)
  An elephant (Lair:4)
  A merfolk (Shoals:3)
  A tarantella (Spider:3)
  A dream sheep (Shoals:2)
  A raiju (Zot:2)
  A slime creature (Vaults:1)
  5 jumping spiders
  2 water elementals (Elf:2)
  A human (Lair:5)
  6 redbacks
  A fire elemental (Elf:2)
  A water moccasin (Lair:5)
  A boggart (Vaults:3)
  3 orc wizards
  7 orcs
  5 ball lightnings (Zot:2)
  3 starspawn tentacles (Abyss:3)
103 creatures vanquished.

Grand Total: 2180 creatures vanquished

Notes
Turn   | Place    | Note
-------+----------+-------------------------------------------
     0 | D:1      | motkurizz the Gargoyle Gladiator began the quest for the
                  | Orb.
     0 | D:1      | Reached XP level 1. HP: 12/12 MP: 1/1
    66 | D:1      | Reached XP level 2. HP: 13/18 MP: 2/2
   215 | D:1      | Reached XP level 3. HP: 23/23 MP: 3/3
   226 | D:1      | Reached skill level 1 in Armour
   506 | D:1      | Found Dipip's Weapon Boutique.
  1240 | D:2      | Reached XP level 4. HP: 28/28 MP: 4/4
  2195 | D:3      | Noticed Jessica
  2203 | D:3      | Killed Jessica
  2204 | D:3      | Reached XP level 5. HP: 32/33 MP: 5/5
  2670 | D:4      | Noticed Sigmund
  2686 | D:4      | Killed Sigmund
  2687 | D:4      | Reached XP level 6. HP: 34/39 MP: 6/6
  3603 | D:5      | Entered Level 5 of the Dungeon
  3603 | D:5      | Noticed a black bear
  3604 | D:5      | Noticed an ice beast
  3609 | D:4      | Killed a black bear
  3610 | D:4      | Reached skill level 5 in Fighting
  3610 | D:4      | Reached skill level 1 in Maces & Flails
  3610 | D:4      | Reached XP level 7. HP: 41/44 MP: 7/7
  3813 | D:5      | Found a runed translucent gate.
  3827 | D:5      | Found a runed translucent gate.
  3827 | D:5      | Noticed Cris's ghost (novice DsHW)
  3828 | D:5      | Found a runed translucent gate.
  3828 | D:5      | Noticed eelars's ghost (amateur DESu)
  3828 | D:5      | Noticed DEFE's ghost (novice DESh)
  3829 | D:5      | Noticed Stil's ghost (novice DsSh)
  3829 | D:5      | Noticed Vruhak's ghost (weakling FoDe)
  4260 | D:5      | Reached XP level 8. HP: 25/51 MP: 8/8
  4380 | D:5      | Reached skill level 5 in Armour
  4850 | D:6      | Noticed Pikel
  4953 | D:6      | Reached skill level 5 in Maces & Flails
  5018 | D:6      | Found a staircase to the Ecumenical Temple.
  5028 | Temple   | Entered the Ecumenical Temple
  5035 | Temple   | Became a worshipper of Ru the Awakened
  5261 | D:6      | Killed Pikel
  5262 | D:6      | Reached XP level 9. HP: 48/57 MP: 9/9
  5314 | D:6      | Identified the +2 ring mail of Fuil {Harm rPois Slay+3}
  6085 | D:6      | Found a sparkling altar of Nemelex Xobeh.
  6157 | D:6      | Found a snail-covered altar of Cheibriados.
  6520 | D:7      | Reached XP level 10. HP: 46/64 MP: 10/10
  7548 | D:8      | Reached skill level 1 in Shields
  7783 | D:8      | Found a staircase to the Lair.
  8200 | Lair:1   | Entered Level 1 of the Lair of Beasts
  8324 | Lair:1   | Reached skill level 10 in Maces & Flails
  8333 | Lair:1   | Noticed a cane toad
  8623 | D:9      | Found a flagged portal.
  8639 | Bailey   | Entered a bailey
  8669 | Bailey   | Reached XP level 11. HP: 36/71 MP: 11/11
  8859 | Bailey   | Reached skill level 5 in Shields
  8978 | Bailey   | Gained mutation: You cannot study or cast Air magic. [Ru
                  | sacrifice]
  8978 | Bailey   | Gained mutation: You cannot study or cast Hexes magic. [Ru
                  | sacrifice]
  8978 | Bailey   | Gained mutation: You cannot study or cast Summoning magic.
                  | [Ru sacrifice]
  8978 | Bailey   | Reached * piety under Ru
  9208 | Bailey   | Acquired a +1 tower shield of reflection
  9321 | Bailey   | Found an iron altar of Okawaru.
  9329 | Bailey   | Noticed a sun demon
  9600 | Bailey   | Identified the +1 battleaxe of the Glowing Gods {heavy,
                  | rElec rPois}
  9612 | Bailey   | Identified the +1 plate armour of Ennui {rElec Regen+}
  9812 | D:1      | Bought a +2 demon whip of draining for 429 gold pieces
 10092 | Lair:1   | Reached skill level 10 in Fighting
 10238 | Lair:1   | Noticed a boulder beetle
 10250 | Lair:1   | Killed a boulder beetle
 10411 | Lair:1   | Noticed Amaemon
 10439 | Lair:1   | Killed Amaemon
 10726 | Lair:2   | Noticed a catoblepas
 10739 | Lair:2   | Killed a catoblepas
 10746 | Lair:2   | Reached XP level 12. HP: 79/79 MP: 12/12
 11318 | Lair:2   | Gained mutation: You cannot train Dodging skill. [Ru
                  | sacrifice]
 11318 | Lair:2   | Reached ** piety under Ru
 11348 | Lair:2   | Reached skill level 10 in Shields
 11826 | Lair:3   | Found a hole to the Spider Nest.
 11947 | Lair:3   | Noticed a death yak
 11953 | Lair:3   | Noticed a death yak
 11964 | Lair:3   | Noticed a death yak
 11980 | Lair:3   | Killed a death yak
 11997 | Lair:3   | Killed a death yak
 12003 | Lair:3   | Killed a death yak
 12189 | Lair:3   | Noticed a catoblepas
 12194 | Lair:3   | Noticed an eight-headed hydra
 12244 | Lair:3   | Killed a catoblepas
 12274 | Lair:3   | Killed an eight-headed hydra
 12275 | Lair:3   | Reached XP level 13. HP: 83/86 MP: 13/13
 12489 | Lair:3   | Found a staircase to the Shoals.
 12953 | Lair:4   | Found a viscous altar of Jiyva.
 12968 | Lair:4   | Found a staircase to the Slime Pits.
 13018 | Lair:4   | Gained mutation: You cannot be stealthy. [Ru sacrifice]
 13018 | Lair:4   | Reached *** piety under Ru
 13827 | Lair:5   | Entered Level 5 of the Lair of Beasts
 13964 | Lair:5   | Noticed Kirke
 13979 | Lair:5   | Killed Kirke
 13980 | Lair:5   | Reached skill level 15 in Shields
 14087 | Lair:5   | Gained mutation: Your large and strong wings let you fly.
                  | [Gargoyle growth]
 14087 | Lair:5   | Reached XP level 14. HP: 95/95 MP: 14/14
 14278 | Lair:5   | Noticed a dire elephant
 14278 | Lair:5   | Noticed a dire elephant
 14279 | Lair:5   | Noticed a dire elephant
 14328 | Lair:5   | Killed a dire elephant
 14587 | Lair:5   | Gained mutation: You are dopey. (Int -2) [Ru sacrifice]
 14885 | Lair:5   | Killed a dire elephant
 14894 | Lair:5   | Killed a dire elephant
 14906 | Lair:5   | Reached skill level 10 in Armour
 14943 | Lair:5   | Noticed a dire elephant
 14946 | Lair:5   | Noticed a dire elephant
 14968 | Lair:5   | Killed a dire elephant
 14982 | Lair:5   | Killed a dire elephant
 15870 | D:10     | Entered Level 10 of the Dungeon
 16285 | D:10     | Found a glowing golden altar of the Shining One.
 16665 | D:11     | Found a staircase to the Orcish Mines.
 16725 | D:11     | Found Ceutew's Book Emporium.
 16820 | D:11     | Gained mutation: You cannot voluntarily change form. [Ru
                  | sacrifice]
 17696 | D:12     | Noticed Nergalle
 17706 | D:12     | Killed Nergalle
 17710 | D:12     | Identified the +2 chain mail of Wiga {rElec}
 18141 | D:13     | Found a gate leading to a gauntlet.
 18145 | Gauntlet | Entered a Gauntlet
 18145 | Gauntlet | Found a transporter.
 18145 | Gauntlet | Found a transporter.
 18145 | Gauntlet | Found a runed translucent door.
 18146 | Gauntlet | Found a runed translucent door.
 18160 | Gauntlet | Found a transporter.
 18164 | Gauntlet | Found a transporter.
 18172 | Gauntlet | Found a transporter.
 18177 | Gauntlet | Found a transporter.
 18181 | Gauntlet | Noticed a reaper
 18185 | Gauntlet | Found a transporter.
 18204 | Gauntlet | Found a transporter.
 18220 | Gauntlet | Found a transporter.
 18223 | Gauntlet | Found a transporter.
 18237 | Gauntlet | Found a transporter.
 18241 | Gauntlet | Found a transporter.
 18416 | Gauntlet | Reached skill level 15 in Fighting
 18734 | D:13     | Reached XP level 15. HP: 100/103 MP: 15/15
 18885 | D:13     | Gained mutation: You occasionally lose the ability to drink
                  | potions when taking damage. [Ru sacrifice]
 18885 | D:13     | Gained mutation: You sometimes lose the ability to drink
                  | potions when taking damage. [Ru sacrifice]
 18885 | D:13     | Reached **** piety under Ru
 18885 | D:13     | Reached ***** piety under Ru
 19117 | D:13     | Noticed Lodul
 19126 | D:13     | Killed Lodul
 19248 | D:13     | Noticed a storm dragon
 19264 | D:13     | Killed a storm dragon
 19893 | D:14     | Found a gate to the Vaults.
 20168 | D:15     | Entered Level 15 of the Dungeon
 20486 | D:15     | Found Roacawei's Elemental Accessories.
 20692 | D:15     | Found a staircase to the Depths.
 21062 | Orc:1    | Entered Level 1 of the Orcish Mines
 21150 | Orc:1    | Found a runed translucent door.
 21204 | Orc:1    | Gained mutation: Your casting is slightly disrupted. [Ru
                  | sacrifice]
 21314 | Orc:1    | Noticed Cinolulu's ghost (journeyman DEIE)
 21542 | Orc:1    | Killed Cinolulu's ghost
 21582 | Orc:2    | Entered Level 2 of the Orcish Mines
 21599 | Orc:2    | Noticed an orc warlord
 21632 | Orc:1    | Killed an orc warlord
 21677 | Orc:2    | Noticed Azrael
 21690 | Orc:2    | Killed Azrael
 21726 | Orc:2    | Paralysed by an orc sorcerer for 5 turns
 21807 | Orc:2    | Found a staircase to the Elven Halls.
 21823 | Orc:2    | Reached XP level 16. HP: 96/103 MP: 16/16
 21999 | Orc:2    | Found Tiustu Byup's Magic Scroll Boutique.
 22002 | Orc:2    | Found Wungega's Weapon Emporium.
 22004 | Orc:2    | Found Xure's Antique Weapon Boutique.
 22060 | Orc:2    | Bought a scroll of identify for 30 gold pieces
 22060 | Orc:2    | Bought a scroll of identify for 30 gold pieces
 22060 | Orc:2    | Bought a scroll of enchant weapon for 112 gold pieces
 22060 | Orc:2    | Bought a scroll of identify for 30 gold pieces
 22060 | Orc:2    | Bought a scroll of identify for 30 gold pieces
 22060 | Orc:2    | Bought a scroll of fog for 60 gold pieces
 22083 | Orc:2    | Found Heixtyeb's Armour Shop.
 22088 | Orc:2    | Found Ushiop's Armour Boutique.
 22105 | Orc:2    | Bought a +0 helmet of see invisible for 207 gold pieces
 22105 | Orc:2    | Bought the +0 cloak of the Dice {Regen+ rCorr Dex+2} for
                  | 383 gold pieces
 22857 | Elf:1    | Entered Level 1 of the Elven Halls
 23051 | Elf:1    | Paralysed by an air elemental for 1 turns
 23053 | Elf:1    | Paralysed by an air elemental for 1 turns
 23789 | Elf:2    | Found a runed translucent gate.
 23789 | Elf:2    | Found a runed translucent gate.
 23789 | Elf:2    | Found a runed translucent gate.
 23806 | Elf:2    | Noticed Xarreyl's ghost (adept TeCA)
 23822 | Elf:2    | Gained mutation: You are partially covered in large bone
                  | plates. (SH +4) [mutagenic glow]
 23853 | Elf:2    | Noticed a deep elf blademaster
 23867 | Elf:2    | Killed a deep elf blademaster
 23905 | Elf:2    | Reached XP level 17. HP: 114/120 MP: 17/17
 23946 | Elf:2    | Found a huge runed translucent gate.
 23946 | Elf:2    | Found a huge runed translucent gate.
 23947 | Elf:2    | Found a huge runed translucent gate.
 23948 | Elf:2    | Found a huge runed translucent gate.
 23949 | Elf:2    | Found a huge runed translucent gate.
 24329 | Elf:2    | Paralysed by a Zot trap for 2 turns
 24380 | Elf:2    | Reached skill level 15 in Armour
 24438 | Elf:2    | Found Nowew's Magic Scroll Boutique.
 24464 | Elf:2    | Bought a scroll of identify for 32 gold pieces
 24464 | Elf:2    | Bought a scroll of enchant weapon for 120 gold pieces
 24464 | Elf:2    | Bought a scroll of blinking for 120 gold pieces
 24840 | Elf:2    | Killed Xarreyl's ghost
 24841 | Elf:2    | Identified the +1 helmet of the Stone Wall {-Cast +Blink
                  | +Inv rElec}
 24842 | Elf:2    | Identified the +0 pair of gloves of the Eagle {rElec Int+3}
 25090 | Spider:1 | Entered Level 1 of the Spider Nest
 25777 | Spider:1 | You are sucked into a shaft and drop 1 floor!
 26157 | Spider:1 | Identified the +6 long sword "Newtslayer" {spect, Str-3
                  | Int+4 Stlth+}
 26461 | Spider:2 | Reached XP level 18. HP: 112/115 MP: 9/18
 26692 | Spider:3 | Noticed Arachne
 26709 | Spider:3 | Killed Arachne
 27408 | Spider:4 | Entered Level 4 of the Spider Nest
 28229 | Spider:4 | Identified the orb of Broken Taboos {*channel, Drain rC+
                  | Int+5 Stlth-}
 28356 | Spider:4 | Got a gossamer rune of Zot
 28785 | Vaults:1 | Entered Level 1 of the Vaults
 28856 | Vaults:1 | Noticed Saint Roka
 29099 | Shoals:1 | Entered Level 1 of the Shoals
 29107 | Shoals:1 | Reached skill level 15 in Maces & Flails
 29400 | Shoals:1 | Reached XP level 19. HP: 136/136 MP: 19/19
 30644 | Shoals:3 | Found a transporter.
 30648 | Shoals:3 | Noticed Ruadaysu's ghost (adept NaSh)
 31199 | Shoals:3 | Found a transporter.
 31416 | Shoals:3 | Killed Ruadaysu's ghost
 31455 | Shoals:4 | Entered Level 4 of the Shoals
 31629 | Shoals:4 | Noticed Bai Suzhen
 31647 | Shoals:4 | Killed Bai Suzhen
 31705 | Shoals:4 | Noticed Polyphemus
 31726 | Shoals:4 | Killed Polyphemus
 31838 | Shoals:4 | Identified the ring of Doiwkanoqe {Wiz rF- Will+ Str+2}
 32123 | Shoals:4 | Got a barnacled rune of Zot
 32124 | Shoals:4 | Identified the ring of Wietzu {Wiz rC++ Int+3 Dex+2}
 32241 | Shoals:4 | Identified the +0 buckler of Niottemos {-Tele MP+9 Dex+2}
 32592 | D:14     | Killed Saint Roka
 32623 | Vaults:1 | Reached XP level 20. HP: 144/144 MP: 20/20
 32910 | Vaults:1 | Noticed Nikola
 32923 | Vaults:1 | Killed Nikola
 32924 | Vaults:1 | Reached skill level 5 in Axes
 33473 | Vaults:1 | Found Vuoffumn's Assorted Antiques.
 34859 | Vaults:2 | Identified the +8 mace "Worm" {spect, rElec Str-2 SInv}
 34986 | Vaults:2 | Found Zonlideo's Distillery.
 34989 | Vaults:2 | Bought a potion of enlightenment for 60 gold pieces
 34989 | Vaults:2 | Bought a potion of mutation for 96 gold pieces
 34989 | Vaults:2 | Bought a potion of mutation for 96 gold pieces
 34989 | Vaults:2 | Bought a potion of mutation for 96 gold pieces
 35115 | Vaults:3 | Found Cuihon's Assorted Antiques.
 35193 | Vaults:3 | Found a magical portal.
 35198 | WizLab   | Entered Borgnjor's Mausoleum
 35360 | WizLab   | Reached XP level 21. HP: 102/133 MP: 12/21
 35571 | WizLab   | Reached skill level 10 in Axes
 35682 | WizLab   | Identified the amulet "Valevad" {Faith Int+2}
 35726 | WizLab   | Got the Papyrus of Degeneration and Incineration
 35983 | Vaults:3 | Found a staircase to the Crypt.
 36993 | Vaults:4 | Gained mutation: Your magical capacity is low. (-10% MP)
                  | [Ru sacrifice]
 37621 | Vaults:4 | Identified the +10 quick blade "Qyttoypta" {venom, rElec
                  | rF+ SInv}
 38261 | Elf:3    | Entered Level 3 of the Elven Halls
 38411 | Elf:3    | Paralysed by an air elemental for 1 turns
 38414 | Elf:3    | Paralysed by an air elemental for 1 turns
 38423 | Elf:3    | Paralysed by an air elemental for 1 turns
 38483 | Abyss:2  | Cast into level 2 of the Abyss (a deep elf demonologist)
 38485 | Abyss:2  | Noticed a bone dragon
 38506 | Abyss:2  | Killed a bone dragon
 38507 | Abyss:2  | Reached XP level 22. HP: 160/160 MP: 19/19
 38507 | Abyss:2  | Reached XP level 23. HP: 165/165 MP: 20/20
 38517 | Abyss:2  | Reached XP level 24. HP: 171/171 MP: 20/20
 38529 | Abyss:2  | Found a corrupted altar of Lugonu.
 38560 | Abyss:2  | Found a corrupted altar of Lugonu.
 38594 | Abyss:3  | Gained mutation: You occasionally shout uncontrollably at
                  | your foes. [Ru sacrifice]
 38705 | Abyss:3  | Lost mutation: You are partially covered in large bone
                  | plates. (SH +4) [potion of mutation]
 38705 | Abyss:3  | Gained mutation: You are covered in fur. (AC +1) [potion of
                  | mutation]
 38705 | Abyss:3  | Gained mutation: You are partially covered in iridescent
                  | scales. (AC +2) [potion of mutation]
 38705 | Abyss:3  | Gained mutation: Your flesh is cold resistant. (rC+)
                  | [potion of mutation]
 38939 | Elf:3    | Escaped the Abyss
 38977 | Elf:3    | Found the +9 sword of Power {lifebolt}
 38977 | Elf:3    | Found the +4 Cigotuvi's embrace {Corpsefed rMiasma Drain
                  | rN+}
 39010 | Elf:3    | Identified the +1 morningstar "Feruaz" {heavy, Dex+2
                  | Stlth+}
 39200 | Elf:3    | Found Deusagao's Assorted Antiques.
 39460 | Elf:2    | Found a shimmering blue altar of Sif Muna.
 39742 | Elf:3    | Identified the staff of Tenacity {rN+ Will- Str+5 Necro}
 39813 | Elf:3    | Got the Catalogue of Grounded Gusts
 40800 | Depths:1 | Entered Level 1 of the Depths
 41232 | Depths:1 | Found Syin Ecw's Gadget Gallery.
 41285 | Depths:1 | Found a gateway to Hell.
 41354 | Depths:1 | Found a one-way gate leading to the halls of Pandemonium.
 41749 | Depths:2 | Reached skill level 15 in Axes
 42247 | Depths:2 | Noticed a caustic shrike
 42256 | Depths:2 | Killed a caustic shrike
 42297 | Depths:2 | Noticed a juggernaut
 42315 | Depths:2 | Killed a juggernaut
 42345 | Depths:2 | Identified the +2 hand axe of the Forging Rat {venom, rPois
                  | SInv}
 42350 | Depths:2 | Got the Compilation of the Sun
 42438 | Depths:2 | Gained mutation: You sometimes lose your temper in combat.
                  | [a cacodemon]
 42439 | Depths:2 | Reached XP level 25. HP: 174/179 MP: 20/20
 42554 | Depths:3 | Found the +7 great mace "Firestarter" {flame, immolate,
                  | rFlCloud rF++}
 42950 | Depths:3 | Noticed Xtahua
 42971 | Depths:3 | Killed Xtahua
 43014 | Depths:3 | Found a portal to a secret trove of treasure.
 43014 | Depths:3 | You are sucked into a shaft and drop 1 floor!
 43014 | Depths:4 | Entered Level 4 of the Depths
 43114 | Depths:3 | Identified the +3 halberd "Nyuttin" {venom, rC+}
 43220 | Depths:3 | Found a one-way gate to the infinite horrors of the Abyss.
 43914 | Depths:4 | Paralysed by a floating eye for 2 turns
 43929 | Depths:4 | Found a one-way gateway to a ziggurat.
 44379 | Depths:4 | Found a gate to the Realm of Zot.
 44526 | Depths:4 | Found Dascho's Jewellery Emporium.
 44587 | Depths:4 | Paralysed by a sphinx for 3 turns
 45076 | Vaults:5 | Entered Level 5 of the Vaults
 45224 | Vaults:5 | Reached XP level 26. HP: 182/188 MP: 20/20
 45268 | Vaults:5 | Noticed Sojobo
 45281 | Vaults:5 | Noticed a dread lich
 45288 | Vaults:5 | Noticed Margery
 45293 | Vaults:5 | Killed a dread lich
 45294 | Vaults:5 | Killed Sojobo
 45303 | Vaults:5 | Killed Margery
 45561 | Vaults:5 | Got a silver rune of Zot
 45683 | Vaults:5 | Lost mutation: You are covered in fur. (AC +1) [potion of
                  | mutation]
 45683 | Vaults:5 | Lost mutation: You sometimes lose your temper in combat.
                  | [potion of mutation]
 45683 | Vaults:5 | Lost mutation: You are partially covered in iridescent
                  | scales. (AC +2) [potion of mutation]
 45683 | Vaults:5 | Gained mutation: You do not regenerate when monsters are
                  | visible. [potion of mutation]
 45683 | Vaults:5 | Gained mutation: You have hidden genetic defects. [potion
                  | of mutation]
 45683 | Vaults:5 | Gained mutation: You are partially covered in iridescent
                  | scales. (AC +2) [potion of mutation]
 45684 | Vaults:5 | Lost mutation: You do not regenerate when monsters are
                  | visible. [potion of mutation]
 45684 | Vaults:5 | Lost mutation: You are partially covered in iridescent
                  | scales. (AC +2) [potion of mutation]
 45684 | Vaults:5 | Gained mutation: Your body sometimes deteriorates upon
                  | taking damage. [potion of mutation]
 45684 | Vaults:5 | Gained mutation: Your magical capacity is very low. (-20%
                  | MP) [potion of mutation]
 45685 | Vaults:5 | Lost mutation: Your magical capacity is very low. (-20% MP)
                  | [potion of mutation]
 45685 | Vaults:5 | Lost mutation: Your flesh is cold resistant. (rC+) [potion
                  | of mutation]
 45685 | Vaults:5 | Lost mutation: Your body sometimes deteriorates upon taking
                  | damage. [potion of mutation]
 45685 | Vaults:5 | Gained mutation: You are very dopey. (Int -4) [potion of
                  | mutation]
 45685 | Vaults:5 | Gained mutation: You are vulnerable to cold. (rC-) [potion
                  | of mutation]
 45686 | Vaults:5 | Lost mutation: You have hidden genetic defects. [potion of
                  | mutation]
 45686 | Vaults:5 | Lost mutation: You are vulnerable to cold. (rC-) [potion of
                  | mutation]
 45686 | Vaults:5 | Gained mutation: You occasionally lose the ability to read
                  | scrolls when taking damage. [potion of mutation]
 45686 | Vaults:5 | Gained mutation: You have supernaturally acute eyesight.
                  | (SInv) [potion of mutation]
 45830 | Vaults:5 | Identified the +9 morningstar of the Snake Pit {drain,
                  | rPois}
 45857 | Vaults:5 | Identified the +0 chain mail of a volcano {rC+}
 45871 | Vaults:5 | Identified the +0 chain mail "Jessy" {*Corrode rElec Slay+5
                  | SInv}
 46164 | Vaults:5 | Identified the ring "Saupoeru" {Str+4 SInv}
 46174 | Vaults:5 | Identified the +5 executioner's axe "Luowet" {drain,
                  | Fragile rElec rF+}
 46843 | Zot:1    | Entered Level 1 of the Realm of Zot
 46874 | Zot:1    | Acquired 806 gold pieces
 47035 | Zot:1    | Lost mutation: You are very dopey. (Int -4) [potion of
                  | mutation]
 47035 | Zot:1    | Lost mutation: You have supernaturally acute eyesight.
                  | (SInv) [potion of mutation]
 47035 | Zot:1    | Lost mutation: You occasionally lose the ability to read
                  | scrolls when taking damage. [potion of mutation]
 47035 | Zot:1    | Gained mutation: You sometimes lose your temper in combat.
                  | [potion of mutation]
 47035 | Zot:1    | Gained mutation: Your body sometimes deteriorates upon
                  | taking damage. [potion of mutation]
 47035 | Zot:1    | Gained mutation: You have an uncontrollable temper. [potion
                  | of mutation]
 47036 | Zot:1    | Lost mutation: You have an uncontrollable temper. [potion
                  | of mutation]
 47036 | Zot:1    | Lost mutation: Your body sometimes deteriorates upon taking
                  | damage. [potion of mutation]
 47036 | Zot:1    | Gained mutation: You are partially covered in large bone
                  | plates. (SH +4) [potion of mutation]
 47037 | Zot:1    | Lost mutation: You sometimes lose your temper in combat.
                  | [potion of mutation]
 47037 | Zot:1    | Lost mutation: You are partially covered in large bone
                  | plates. (SH +4) [potion of mutation]
 47037 | Zot:1    | Gained mutation: You occasionally lose the ability to read
                  | scrolls when taking damage. [potion of mutation]
 47037 | Zot:1    | Lost mutation: You occasionally lose the ability to read
                  | scrolls when taking damage. [potion of mutation]
 47037 | Zot:1    | Gained mutation: Your magical capacity is very low. (-20%
                  | MP) [potion of mutation]
 47037 | Zot:1    | Gained mutation: You are strong-willed. (Will+) [potion of
                  | mutation]
 47120 | Zot:1    | Acquired the ring of Nemelex Xobeh's Wrath {rC+ Str+6 SInv
                  | Stlth+}
 48587 | Zot:2    | Reached XP level 27. HP: 137/196 MP: 18/18
 49173 | Zot:3    | Gained mutation: You are weak. (Str -2) [Ru sacrifice]
 49173 | Zot:3    | Reached ****** piety under Ru
 49237 | Zot:3    | Noticed an orb of fire
 49238 | Zot:3    | Gained mutation: You are very weak. (Str -4) [an orb of
                  | fire]
 49248 | Zot:3    | Killed an orb of fire
 49875 | Zot:4    | Reached skill level 27 in Fighting
 50275 | Zot:4    | Noticed Parghit
 50286 | Zot:4    | Killed Parghit
 50517 | Zot:5    | Entered Level 5 of the Realm of Zot
 50518 | Zot:5    | Noticed a dread lich
 51038 | Zot:5    | Noticed an ancient lich
 51041 | Zot:5    | Killed a dread lich
 51051 | Zot:5    | Killed an ancient lich
 51269 | Zot:5    | Noticed an orb of fire
 51281 | Zot:5    | Gained mutation: You sometimes lose your temper in combat.
                  | [an orb of fire]
 51284 | Zot:5    | Gained mutation: You frequently scream uncontrollably at
                  | your foes. [an orb of fire]
 51292 | Zot:5    | Killed an orb of fire
 51313 | Zot:5    | Lost mutation: You sometimes lose your temper in combat.
                  | [potion of mutation]
 51313 | Zot:5    | Lost mutation: Your magical capacity is very low. (-20% MP)
                  | [potion of mutation]
 51313 | Zot:5    | Gained mutation: You have sharp toenails. [potion of
                  | mutation]
 51313 | Zot:5    | Gained mutation: Your spells are a little easier to cast,
                  | but a little less powerful. [potion of mutation]
 51313 | Zot:5    | Gained mutation: You are covered in fur. (AC +1) [potion of
                  | mutation]
 51313 | Zot:5    | Gained mutation: You have a pair of small horns on your
                  | head. [potion of mutation]
 51382 | Zot:5    | Reached skill level 27 in Armour
 51431 | Zot:5    | Noticed an orb of fire
 51443 | Zot:5    | Killed an orb of fire
 51519 | Zot:5    | Noticed an ancient lich
 51529 | Zot:5    | Killed an ancient lich
 51557 | Zot:5    | Noticed a dread lich
 51576 | Zot:5    | Killed a dread lich
 51658 | Zot:5    | Got the Orb of Zot
 51860 | Depths:4 | Noticed a seraph
 51879 | Depths:4 | Killed a seraph
 52314 | D:$      | Escaped with the Orb!

Illustrated notes

Levels and vault maps discovered:
D:1:      roderic_dead_forest, layout_basic, serial_shops, shop,
          minmay_lizard_king
D:2:      layout_basic
D:3:      layout_basic, kennysheep_cluttered_room, minmay_stone_trees_medium,
          nicolae_kite_square_tiling_tiny, uniq_jessica
D:4:      layout_basic, dk_vineyard_2, mrwooster_statue_mirror, uniq_sigmund
D:5:      layout_cave_pools, gammafunk_ghost_cemetery, nicolae_sextant
D:6:      layout_cave_pools, lemuel_coloured_pillars_altar,
          nemelex_dance_club_becter, minmay_temple_entry_gardened_gates,
          uniq_pikel
D:7:      layout_loops_ring
D:8:      layout_loops_ring, lair_entry_dummy
D:9:      layout_basic, enter_bailey_3
D:10:     layout_cave_pools, nicolae_tso_swordbearing_angel
D:11:     layout_gridville, erik_orc_3, serial_shops,
          nicolae_book_shop_shelving, nrook_mini_vaults
D:12:     layout_basic, uniq_nergalle
D:13:     kennysheep_scales, layout_gridville, gauntlet_entry_generic,
          drop_trap, uniq_lodul
D:14:     layout_cross, serial_co_window_serial
D:15:     grunt_enter_depths_magical_seal, layout_basic, nicolae_elemental_shop
Temple:   compressed_dpeg_triangle_lava_temple
Lair:1:   layout_gridlike, nicolae_quartered_pool_super,
          cheibrodos_lair_lostbears, grunt_megastairs_1, uniq_amaemon
Lair:2:   layout_cave_pods, beast_lair_carwin_9
Lair:3:   layout_gridlike, shoals_dummy_entry, nicolae_spider_entry_non_spiders,
          disabler_island, serial_bayou_shore_a
Lair:4:   layout_regular_city, nicolae_slime_entry_field_trip
Lair:5:   due_jungle_book, layout_regular_city, wad_woods_river_04, uniq_kirke
Shoals:1: layout_shoals, nicolae_shoals_goliath_grotto
Shoals:2: layout_shoals
Shoals:3: layout_shoals, gammafunk_ghost_arena
Shoals:4: shoals_end_hellmonk_lost_city, uniq_polyphemus, uniq_bai_suzhen
Spider:1: layout_spider_delve, drop_trap
Spider:2: layout_spider_delve
Spider:3: layout_spider_delve, uniq_arachne
Spider:4: grunt_spider_rune_circles
Orc:1:    layout_diamond_mine, ebering_ghost_reflecting_pool
Orc:2:    st_orc_open, layout_caves, serial_shops, nicolae_shop_real_fake_doors,
          uniq_azrael
Elf:1:    eino_elf_arrival_shootout, layout_geoelf_diagonals,
          hangedman_elf_represent
Elf:2:    elven_hall_of_blades_hangedman_alternative
          [infiniplex_blade_entry_pillars], layout_rooms, serial_shops, shop,
          gammafunk_ghost_tricky_traps, lemuel_upstairs_altar
Elf:3:    grunt_elf_hall_spiral, layout_loops_corners, serial_shops,
          nicolae_shop_crystal, nicolae_elf_loose_elemental_storage
Vaults:1: nicolae_vaults_double_plus_1, nicolae_vaults_house_3,
          grunt_vaults_twisty, vaults_room_door_hall, hangedman_vaults_hat,
          vaults_room_grunt_arrival_checkpoint, nicolae_vaults_tetromino_Z_1,
          vaults_dpeg_hooks, layout_vaults_omnigrid, serial_shops,
          nicolae_shop_pleasant_corner_grove, uniq_nikola, uniq_saint_roka
Vaults:2: v_misc_29, hangedman_vaults_locks, nicolae_vaults_cornered_office,
          hangedman_vaults_pinch, nicolae_vaults_mini_display_case,
          vaults_room_pools, hangedman_vaults_river_flow,
          nicolae_vaults_branching_niches, layout_vaults_omnibox, serial_shops,
          nicolae_shop_window_shopping
Vaults:3: mu_enter_wizlab_2, hangedman_vaults_nails, vaults_dpeg_encased_lava,
          hangedman_vaults_restitches, vaults_room_boxed,
          minmay_crypt_entry_simple_round, vaults_dpeg_cross,
          layout_vaults_chaotic_city, serial_shops, nicolae_shop_trees
Vaults:4: ontoclasm_vaults_claustrophobia, nicolae_vaults_trapezoid_layered,
          nicolae_vaults_tetromino_L_2, hangedman_vaults_stagger,
          grunt_vaults_diagonal, nicolae_vaults_tetromino_L_2,
          nicolae_vaults_double_plus_1, nicolae_vaults_alarming,
          nicolae_vaults_offset_grid_hallway_4, vaults_room_door_hall,
          hangedman_vaults_impose, v_misc_30, v_misc_22, special_room_vaults
          [special_room_orc], nicolae_vaults_ring_of_whatevers,
          hangedman_vaults_trim, nicolae_vaults_six-pack, layout_vaults_ring,
          serial_shops
Vaults:5: serial_shops, uniq_margery, uniq_sojobo
Depths:1: layout_gridville, pan_entry, hangedman_decor_slide_cut, hell_entry,
          hex_large, hangedman_abyss_or_decor_jellyfish_corner,
          minmay_stone_trees_small, dreamdust_wishing_well, nicolae_shop_gadgets
Depths:2: minmay_sliced_demisemicircle, layout_cave_shapes, hellmouth_1,
          rand_demon_pan_entry_8, infiniplex_staircase_pillars_1
Depths:3: minmay_firetagon, layout_gridlike, grunt_hell_entry_dis_old,
          hangedman_abyss_entry_splay, enter_trove_2, roderic_cross_of_infinity,
          minmay_misc_feat_four_crosses, uniq_xtahua
Depths:4: grunt_zot_entry_hairpin, layout_gridlike, enter_ziggurat_d,
          serial_shops, shop, grunt_mini_vestibule
Zot:1:    layout_twisted_circle
Zot:2:    infiniplex_zot_generator, layout_twisted_circle, grunt_megastairs_2
Zot:3:    layout_misc_corridors, grunt_ministairs_7
Zot:4:    layout_twisted_circle, uniq_parghit
Zot:5:    layout_cathedral_of_symmetry, drop_trap

Skill      XL: |  1  2  3  4  5  6  7  8  9 10 11 12 13 14 15 16 17 18 19 20 21 22 23 24 25 26 27 |
---------------+----------------------------------------------------------------------------------+-----
Axes           | 3 4 9 12 13 15 17 | 17.2
Fighting       | 3 4 5 7 8 9 10 12 13 15 16 18 19 20 21 22 23 24 25 26 27 | 27.0
Armour         | 1 2 3 4 6 7 8 9 12 13 14 15 16 17 18 19 21 22 24 27 | 27.0
Maces & Flails | 1 3 6 8 10 11 12 13 14 15 16 20 | 20.1
Shields        | 4 8 12 15 16 17 18 19 20 21 22 | 22.0
Dodging        | 0 |  0.0
Throwing       | |  1.7

Action                     |  1- 3 |  4- 6 |  7- 9 | 10-12 | 13-15 | 16-18 | 19-21 | 22-24 | 25-27 || total
---------------------------+-------+-------+-------+-------+-------+-------+-------+-------+-------++-------
  Melee: War axe           |   114 |    84 |    10 |    11 |       |       |       |       |       ||   219
         Punch             |     1 |       |     1 |       |       |       |       |       |       ||     2
         Halberd           |       |    50 |   111 |       |       |       |       |       |       ||   161
         Battleaxe         |       |       |    33 |       |       |       |       |       |       ||    33
         Unarmed           |       |       |     3 |       |       |       |       |       |       ||     3
         Mace              |       |       |     1 |       |       |       |       |       |       ||     1
         Flail             |       |       |   141 |   484 |       |       |       |       |       ||   625
         Demon whip        |       |       |       |   463 |  1556 |  1585 |  1713 |   688 |  1221 ||  7226
         Broad axe         |       |       |       |       |    28 |   134 |   325 |    73 |   541 ||  1101
         Headbutt          |       |       |       |       |       |       |       |       |    41 ||    41
  Throw: Dart              |       |       |    10 |     8 |     6 |       |       |       |       ||    24
         Throwing net      |       |       |     1 |     1 |       |       |       |       |       ||     2
         Javelin           |       |       |     1 |       |       |       |       |       |       ||     1
 Invoke: Reject Sacrifices |       |       |       |     1 |       |     2 |     1 |     1 |     1 ||     6
         Sacrifice Arcana  |       |       |       |     1 |       |       |       |       |       ||     1
         Sacrifice Nimblen |       |       |       |     1 |       |       |       |       |       ||     1
         Sacrifice Stealth |       |       |       |       |     1 |       |       |       |       ||     1
         Sacrifice Purity  |       |       |       |       |     1 |       |       |     1 |     1 ||     3
         Sacrifice Forms   |       |       |       |       |     1 |       |       |       |       ||     1
         Apocalypse        |       |       |       |       |     1 |     3 |     1 |     1 |     2 ||     8
         Sacrifice Essence |       |       |       |       |     1 |       |     1 |       |       ||     2
         Sacrifice Drink   |       |       |       |       |     1 |       |       |       |       ||     1
         Draw Out Power    |       |       |       |       |       |     2 |       |       |       ||     2
         Power Leap        |       |       |       |       |       |     2 |       |       |       ||     2
  Evoke: Wand              |       |       |     2 |    11 |       |     3 |       |       |     2 ||    18
         Phantom mirror    |       |       |       |       |     1 |     2 |     1 |       |       ||     4
         Phial of floods   |       |       |       |       |     1 |       |     1 |       |       ||     2
         Lightning rod     |       |       |       |       |       |       |     6 |       |     4 ||    10
    Use: Scroll            |       |       |     3 |     7 |    13 |    19 |     7 |     5 |    21 ||    75
         Potion            |       |       |       |       |       |       |     1 |     5 |    19 ||    25
   Stab: Held in net/web   |       |       |       |     2 |       |       |       |       |       ||     2
         Petrified         |       |       |       |     1 |       |       |       |       |       ||     1
         Distracted        |       |       |       |       |     2 |     6 |     9 |     6 |     3 ||    26
         Invisible         |       |       |       |       |     6 |    11 |     6 |     1 |       ||    24
         Paralysed         |       |       |       |       |       |     7 |    10 |       |     4 ||    21
         Confused          |       |       |       |       |       |     1 |       |       |       ||     1
 Armour: Leather armour    |     8 |       |       |       |       |       |       |       |       ||     8
         Ring mail         |    62 |    74 |   208 |    16 |       |       |       |       |       ||   360
         Skin              |       |       |     1 |       |       |       |       |       |       ||     1
         Chain mail        |       |       |       |   290 |       |       |       |       |       ||   290
         Plate armour      |       |       |       |   144 |   427 |   435 |   524 |   161 |       ||  1691
         Fire dragon scale |       |       |       |       |       |       |       |    27 |    69 ||    96
         Gold dragon scale |       |       |       |       |       |       |       |       |   597 ||   597
  Dodge: Dodged            |    94 |    81 |   181 |   183 |   226 |   576 |   328 |   106 |   352 ||  2127
  Block: Buckler           |       |       |       |    68 |       |       |       |       |       ||    68
         Tower shield      |       |       |       |   275 |  1175 |  1919 |  2122 |   644 |  1603 ||  7738
         Reflection        |       |       |       |     2 |    36 |    49 |   117 |    26 |    75 ||   305

Table legend: (Time is in decaauts)
 A = Elapsed time spent in this place.
 B = Non-inter-level travel time spent in this place.
 C = Inter-level travel time spent in this place.
 D = Time resting spent in this place.
 E = Time spent auto-exploring this place.
 F = Levels seen in this place.
 G = Mean time per level.
                   A        B        C        D        E       F      G
               +--------+--------+--------+--------+--------+-----+--------+
         Total |  49795 |  43673 |   6122 |   1442 |  28165 |  53 |  939.5 |
       Dungeon |  16233 |  12716 |   3517 |    621 |   8758 |  15 | 1082.2 |
        Temple |     21 |     21 |      0 |      0 |      0 |   1 |   21.0 |
          Lair |   5682 |   5000 |    682 |     12 |   3552 |   5 | 1136.4 |
        Shoals |   2967 |   2818 |    149 |      0 |   1982 |   4 |  741.8 |
   Spider Nest |   2838 |   2693 |    145 |     47 |   1624 |   4 |  709.5 |
  Orcish Mines |   1403 |   1187 |    216 |     25 |    699 |   2 |  701.5 |
   Elven Halls |   3483 |   3307 |    176 |    115 |   2047 |   3 | 1161.0 |
        Vaults |   6199 |   5550 |    649 |     39 |   3807 |   5 | 1239.8 |
        Depths |   3982 |   3638 |    344 |    133 |   2391 |   4 |  995.5 |
           Zot |   4739 |   4499 |    240 |    138 |   2791 |   5 |  947.8 |
         Abyss |    419 |    419 |      0 |      5 |    158 |   2 |  209.5 |
        Bailey |   1000 |   1000 |      0 |    306 |     97 |   1 | 1000.0 |
        Wizlab |    479 |    479 |      0 |      0 |    164 |   1 |  479.0 |
      Gauntlet |    342 |    342 |      0 |      0 |     92 |   1 |  342.0 |
               +--------+--------+--------+--------+--------+-----+--------+

Top non-repeatable levels by time:
     D:8: 1567 daAuts
     D:5: 1514 daAuts
   Elf:3: 1468 daAuts
  Lair:5: 1426 daAuts
Vaults:1: 1384 daAuts
     D:4: 1277 daAuts
Depths:4: 1276 daAuts
   Zot:2: 1261 daAuts
Vaults:4: 1239 daAuts
Vaults:5: 1231 daAuts
     D:6: 1216 daAuts
Vaults:2: 1208 daAuts
  Lair:3: 1186 daAuts
     D:2: 1149 daAuts
Vaults:3: 1134 daAuts
